Map: Ruins of Endion

Players

Miszu

  • Race: Terran Terran
  • League: Grandmaster

llllllllllll - Winner!

  • Race: Zerg Zerg
  • League: Grandmaster

VOD

Have the link to the VOD?

Description

Time

  • Played on: May 26, 2016, 6:36 p.m.
  • Length: 18:49
Show
View Real Time Build Order
Export as new Build Order

Miszu Terran 

Build Orders: Reaper Expand, MMM Bio 

Get SALT Encoding   

  12  0:07  SCV  
  13  0:16  Supply Depot  
  13  0:19  SCV  
  14  0:31  SCV  
  15  0:38  Barracks  
  15  0:41  Refinery  
  15  0:46  SCV  
  16  0:58  SCV  
  17  1:10  SCV  
  18  1:25  Orbital Command  
  18  1:26  Reaper  
  19  1:42  Command Center  
  19  1:50  SCV  
  20  1:57  Supply Depot  
  20  1:58  Marine  
  21  2:03  SCV  
  22  2:10  Factory  
  22  2:15  SCV  
  23  2:21  Barracks Reactor  
  23  2:27  SCV  
  24  2:44  SCV  
  24  2:45  Command Center  
  25  2:54  Orbital Command  
  25  2:56  SCV  
  26  3:06  Barracks Tech Lab  
  26  3:08  Hellion x2  
  26  3:10  SCV  
  31  3:17  Barracks  
  31  3:19  SCV  
  32  3:22  SCV  
  33  3:31  SCV  
  33  3:32  Stimpack  
  33  3:34  SCV  
  35  3:37  Marine, Factory Reactor  
  36  3:43  SCV  
  36  3:46  SCV  
  36  3:48  Refinery  
  37  3:50  Barracks  
  37  3:56  SCV  
  37  3:59  Orbital Command  
  37  4:00  SCV  
  37  4:02  Marine  
  40  4:08  SCV  
  41  4:12  SCV  
  41  4:13  Engineering Bay  
  41  4:15  Engineering Bay, Marine  
  41  4:16  Marine  
  44  4:20  SCV  
  44  4:23  Refinery x2  
  45  4:24  SCV  
  45  4:26  Factory Reactor  
  45  4:28  Marine  
  47  4:32  SCV  
  47  4:33  Marine  
  47  4:34  Marine  
  47  4:36  SCV  
  51  4:40  Terran Infantry Weapons Level 1  
  51  4:41  Terran Infantry Armor Level 1  
  51  4:44  Supply Depot, SCV  
  51  4:45  Orbital Command  
  52  4:49  SCV  
  52  4:51  Marine x2  
  55  4:53  Starport  
  55  4:56  SCV  
  56  5:01  SCV  
  57  5:07  Supply Depot, Barracks  
  57  5:08  Barracks, SCV  
  57  5:11  SCV  
  57  5:13  SCV  
  60  5:15  Marine x2  
  60  5:20  SCV  
  63  5:21  Marine x2  
  63  5:23  Marauder  
  67  5:28  SCV  
  67  5:30  SCV  
  67  5:31  Supply Depot  
  67  5:32  Supply Depot, SCV  
  67  5:34  Marine  
  71  5:38  Armory  
  71  5:39  Combat Shields  
  71  5:44  Marauder, SCV x2  
  71  5:45  SCV  
  76  5:53  Medivac x2  
  76  5:56  Barracks Reactor, SCV x2  
  82  5:57  Barracks Reactor, SCV  
  82  6:01  Marine x2  
  85  6:04  Marine x2  
  85  6:08  Marauder, SCV x2  
  91  6:11  Supply Depot  
  91  6:17  Supply Depot  
  91  6:18  SCV  
  91  6:19  Marine  
  93  6:33  Marine, Medivac x2, SCV x2, Missile Turret  
  93  6:34  Supply Depot  
  93  6:35  Marine  
  93  6:37  Terran Infantry Armor Level 2  
  93  6:39  Marine x4, Terran Infantry Weapons Level 2  
  105  6:43  Marine x2  
  105  6:44  Marine  
  108  7:05  Marine  
  108  7:06  Marine x7  
  116  7:14  Supply Depot, Barracks x2  
  116  7:15  Barracks  
  116  7:18  Supply Depot  
  116  7:20  Supply Depot  
  116  7:23  Marine  
  116  7:24  Marine x2, Medivac x2  
  116  7:25  Marauder  
  116  7:27  Concussive Shells  
  125  7:33  Marine  
  125  7:34  Marine  
  125  7:35  Marine x2  
  125  7:44  Marine x4  
  124  7:46  Marauder  
  124  7:51  Marine  
  130  7:52  Supply Depot, Marine  
  130  7:53  Marine x2  
  130  7:54  Supply Depot  
  133  8:01  Barracks Tech Lab x2  
  133  8:07  Marine  
  133  8:08  Marauder  
  133  8:10  Barracks Tech Lab  
  136  8:16  Supply Depot  
  136  8:17  Supply Depot  
  136  8:21  Marine, Marauder  
  136  8:22  Marauder  
  136  8:23  Marine x3  
  136  8:24  Marine x3, Medivac x2  
  136  8:25  Marine  
  152  8:29  Marauder x2  
  156  8:39  Marine  
  156  8:41  Marine  
  157  8:42  Command Center  
  157  8:43  Supply Depot, Marauder x2  
  157  8:44  Supply Depot  
  157  8:45  Supply Depot  
  162  8:50  Marauder x2  
  162  8:51  Marine  
  162  8:52  Marine x5  
  172  8:56  Marine  
  172  8:58  Terran Infantry Weapons Level 3, Terran Infantry Armor Level 3  
  172  8:59  Marine  
  174  9:04  Marauder  
  174  9:05  Marauder  
  174  9:09  Marine, Refinery  
  179  9:12  Refinery, Marauder x2  
  138  9:25  Marine  
  138  9:26  Marine x2, Marauder  
  138  9:30  Marine  
  138  9:31  Marine, Marauder  
  120  9:32  Marine  
  120  9:33  Marine x2, Marauder x2  
  120  9:34  Medivac x2  
  120  9:43  Marine  
  120  9:44  Marine x2  
  123  9:46  Marine  
  123  9:48  Marine  
  123  9:49  Marine  
  123  9:50  Marine  
  123  9:51  Marine x2  
  123  9:52  Marauder  
  124  9:54  Marine  
  124  9:55  Marauder  
  113  10:01  Marine  
  113  10:02  Marine x2  
  113  10:04  Medivac x2  
  113  10:05  Marauder  
  113  10:06  Marine x2  
  121  10:08  Marine  
  121  10:11  Marine  
  121  10:12  Marine, Marauder  
  121  10:13  Marauder  
  124  10:16  Marauder  
  124  10:19  Marine x3  
  129  10:26  Marauder  
  131  10:31  Marine  
  131  10:33  Marine  
  131  10:34  Marine, Medivac x2, Marauder  
  131  10:35  Marauder  
  142  10:37  Marauder  
  142  10:42  Marine x4  
  147  10:47  Marine  
  147  10:48  Marauder  
  147  10:49  Marine  
  152  10:55  Marauder, Planetary Fortress  
  152  10:56  Marauder  
  156  10:59  Marauder  
  158  11:09  Marauder  
  158  11:11  Marine x8  
  158  11:15  Medivac x2  
  158  11:16  Marauder  
  158  11:18  Marauder  
  173  11:20  Marauder  
  169  11:29  Marine x7  
  169  11:30  Marauder  
  178  11:38  Marauder  
  180  11:46  Liberator  
  166  11:48  Liberator  
  159  11:55  Marine x10, Marauder  
  159  11:59  Marine  
  172  12:03  Ghost Academy  
  172  12:05  Starport  
  176  12:12  Marine  
  176  12:13  Marine  
  176  12:14  Marauder  
  176  12:15  Marine x6, Marauder  
  183  12:16  Command Center, Marine, Marauder  
  183  12:17  Refinery  
  191  12:30  Marine  
  191  12:31  Marine  
  176  12:39  Liberator x3  
  176  12:44  Marauder  
  171  12:46  Marauder  
  171  12:48  Marauder  
  172  12:54  Marauder  
  172  12:55  Marine  
  184  13:05  Marauder  
  184  13:08  Marauder  
  184  13:10  Marauder  
  184  13:12  Marine x7  
  190  13:13  Marine  
  193  13:29  Marine  
  198  13:36  Ghost x4  
  117  14:03  Marine  
  117  14:04  Marine x4  
  117  14:05  Marauder x3  
  117  14:06  Marauder  
  124  14:16  Marine  
  124  14:17  Marine  
  126  14:27  Marauder  
  126  14:28  Ghost x2  
  132  14:43  Ghost  
  134  14:48  Sensor Tower  
  134  14:52  Ghost  
  134  14:57  Ghost  
  138  15:06  Orbital Command  
  129  15:23  Ghost x2  
  129  15:24  Ghost  
  134  15:34  Ghost  
  137  15:52  Marine x3, Ghost x3  
  137  15:53  Marine  
  137  15:54  Marine  
  149  16:03  Ghost  
  146  16:20  Ghost x2  
  146  16:21  Ghost  
  148  16:31  Ghost  
Show
View Real Time Build Order
Export as new Build Order

llllllllllll Zerg - Winner!

Build Orders: Hatch First 

Get SALT Encoding   

  12  0:02  Drone  
  13  0:14  Overlord  
  13  0:18  Drone  
  14  0:32  Drone x2  
  16  0:37  Drone  
  17  0:57  Hatchery  
  17  1:02  Drone  
  18  1:11  Drone  
  18  1:15  Extractor  
  17  1:18  Spawning Pool  
  17  1:22  Drone  
  17  1:36  Overlord  
  17  1:38  Drone  
  18  1:58  Drone  
  19  2:05  Queen  
  19  2:06  Zergling x4  
  23  2:09  Queen  
  23  2:11  Zergling x2  
  23  2:13  Drone  
  27  2:19  Metabolic Boost  
  27  2:20  Drone  
  28  2:23  Drone  
  29  2:34  Drone  
  29  2:35  Overlord  
  30  2:40  Spore Crawler  
  30  2:42  Drone  
  30  2:50  Queen  
  33  2:53  Overlord  
  33  2:54  Drone  
  34  3:01  Drone  
  35  3:07  Drone x2  
  37  3:17  Pneumatized Carapace  
  37  3:20  Drone x3  
  37  3:21  Drone x3  
  43  3:34  Overlord  
  43  3:36  Overlord  
  43  3:39  Drone x2  
  45  3:54  Hatchery  
  44  4:04  Overlord  
  44  4:10  Drone x7  
  44  4:14  Extractor  
  44  4:15  Extractor  
  49  4:19  Roach Warren  
  49  4:24  Drone x6  
  49  4:25  Drone  
  49  4:30  Lair  
  55  4:33  Drone x2  
  57  4:39  Drone  
  57  4:40  Drone  
  57  4:43  Evolution Chamber  
  57  4:44  Evolution Chamber  
  57  4:48  Drone  
  57  4:52  Drone  
  59  4:55  Queen  
  60  5:03  Overlord x2  
  60  5:11  Zerg Missile Weapons Level 1  
  60  5:12  Zerg Ground Armor Level 1  
  60  5:13  Drone x4  
  60  5:14  Drone  
  65  5:22  Overlord  
  65  5:28  Glial Reconstitution  
  65  5:30  Roach x5  
  75  5:37  Drone x4  
  75  5:38  Drone x2  
  75  5:40  Extractor  
  80  5:46  Overlord x2  
  80  5:49  Drone  
  82  5:50  Drone x4  
  82  5:52  Extractor, Drone  
  82  5:54  Extractor  
  84  6:06  Drone x2  
  84  6:08  Overlord  
  86  6:12  Roach x7  
  101  6:18  Drone x2  
  101  6:23  Overlord  
  102  6:34  Drone  
  102  6:37  Overlord  
  102  6:39  Hatchery  
  102  6:43  Drone  
  102  6:45  Infestation Pit  
  102  6:46  Ravager x3  
  106  6:47  Ravager, Roach x3  
  106  6:48  Roach x7  
  106  6:53  Roach x4  
  134  6:58  Roach x2  
  136  7:10  Overlord x4  
  136  7:18  Zerg Ground Armor Level 2, Zerg Melee Weapons Level 1  
  136  7:21  Roach  
  136  7:22  Zergling x2, Roach x3  
  145  7:27  Overlord x3  
  140  7:39  Queen  
  140  7:41  Hive  
  140  7:44  Infestor, Ravager  
  141  7:45  Infestor  
  145  7:55  Drone x8  
  153  8:19  Zergling x6  
  159  8:20  Zergling x18  
  165  8:31  Overseer  
  163  8:35  Zergling x12  
  163  8:39  Ravager  
  163  8:40  Ravager x5  
  175  8:44  Drone x5  
  175  8:45  Queen  
  175  8:46  Extractor  
  175  8:47  Extractor  
  180  8:59  Adrenal Glands  
  180  9:04  Spire, Ultralisk Cavern  
  180  9:05  Roach  
  180  9:06  Zergling x6, Roach x6  
  194  9:23  Roach  
  194  9:24  Roach x11  
  195  9:28  Roach  
  166  9:35  Infestor  
  166  9:37  Zergling x14  
  166  9:47  Zergling x8  
  166  9:48  Zergling x6  
  169  9:54  Zergling x4  
  169  9:55  Chitinous Plating  
  169  9:57  Zerg Melee Weapons Level 2  
  157  10:02  Zergling x2  
  157  10:03  Zergling x6  
  158  10:08  Zergling x2  
  158  10:12  Zergling x10, Hatchery  
  156  10:20  Zergling x2, Ultralisk x3  
  156  10:21  Zergling x10  
  180  10:33  Zergling x6, Ultralisk  
  189  10:37  Zergling x4  
  190  10:43  Ultralisk  
  190  10:44  Zergling x8  
  200  11:02  Zerg Flyer Armor Level 1  
  200  11:22  Drone x3  
  200  11:23  Drone x2  
  196  11:30  Zerg Ground Armor Level 3  
  196  11:39  Zergling x4  
  199  11:40  Zergling x4  
  175  11:51  Ultralisk x2  
  175  11:52  Zergling x20, Ultralisk x3  
  199  11:59  Hatchery  
  198  12:09  Corruptor  
  197  12:39  Zergling x4  
  193  12:54  Corruptor  
  193  12:55  Corruptor x2  
  195  13:14  Zergling x10  
  195  13:17  Queen  
  200  13:23  Overseer x2  
  200  13:32  Zergling x2  
  197  13:36  Drone x3  
  197  13:37  Zergling x4  
  157  13:57  Ultralisk x2  
  157  13:58  Ultralisk x3  
  162  14:04  Ultralisk x3  
  162  14:05  Ultralisk x2  
  177  14:10  Spawning Pool  
  177  14:11  Roach x6  
  188  14:19  Pathogen Glands  
  188  14:22  Ultralisk  
  194  14:27  Extractor  
  194  14:30  Extractor  
  192  14:34  Ravager x6  
  198  14:41  Extractor  
  178  15:24  Infestor x6  
  190  15:30  Zergling x16  
  190  15:32  Overlord x2  
  190  15:34  Zerg Melee Weapons Level 3  
  198  15:47  Overlord  
  198  15:53  Greater Spire  
  198  16:07  Hatchery  
  197  16:16  Zergling x12  
  196  16:30  Zergling x16  
  194  16:34  Corruptor x3  
  194  16:35  Corruptor x3  
  180  16:44  Ultralisk x2  
  180  16:45  Zergling x4, Ultralisk  
Tags
 
Add a new tag
Caveats
  • Supply blocks, unpowered buildings, or Contaminate may cause inaccurate times.
  • Supply counts are checked every 10 seconds.